 Dungeon Crawl Stone Soup version 0.18-a0-514-ga7d9996 (webtiles) character file.

1850 MrRokkomies the Basher (level 9, 0/101 HPs)
             Began as an Ogre Skald on Dec 3, 2015.
             Was a Believer of Dithmenos.
             Slain by an orc warrior
             ... wielding a +0 hand axe
              (11 damage)
             ... on level 7 of the Dungeon.
             The game lasted 00:21:29 (7871 turns).

MrRokkomies the Basher (Ogre Skald)                 Turns: 7871, Time: 00:21:29

Health: 0/101      AC: 11    Str: 24    XL:     9   Next: 12%
Magic:  21/21      EV:  9    Int: 14    God:    Dithmenos [**....]
Gold:   254        SH:  0    Dex:  9    Spells: 4 memorised, 3 levels left

rFire  . . .     SeeInvis .     a - +0 mace (protect)
rCold  . . .     Clarity  .     j - +1 robe
rNeg   . . .     SustAt   .     (no shield)
rPois  .         Gourm    +     (helmet restricted)
rElec  .         Spirit   .     D - +1 cloak
rCorr  .         Dismiss  .     (gloves unavailable)
rMut   .         Stasis   .     (boots unavailable)
MR     .....                    C - amulet of the gourmand
Stlth  +.........               (no ring)
                                o - ring of magical power

@: mighty, infused, wreathed by umbra, drained, not resistant to hostile
enchantments, very unstealthy
A: unfitting armour, tough skin 1
a: Shadow Step, Renounce Religion


You were on level 7 of the Dungeon.
You worshipped Dithmenos.
Dithmenos was pleased with you.
You were hungry.

You visited 1 branch of the dungeon, and saw 7 of its levels.

You collected 254 gold pieces.

Inventory:

Hand Weapons
 a - a +0 mace of protection (weapon)
 b - a +0 giant club
 x - a +2 mace of holy wrath
Missiles
 e - 24 poisoned needles
 i - 194 stones
 k - 4 tomahawks (quivered)
 z - a throwing net
Armour
 j - a +1 robe (worn)
 D - a +1 cloak (worn)
Magical Staves
 y - a cursed staff of fire {unknown}
Jewellery
 o - a ring of magical power (left hand)
 B - an uncursed ring of ice
 C - an amulet of the gourmand (around neck)
Wands
 m - a wand of teleportation (0)
Scrolls
 h - 3 scrolls of remove curse
 n - 2 scrolls of teleportation
Potions
 g - 2 potions of flight
 l - a potion of brilliance
 q - a potion of curing
 r - a potion of ambrosia
 t - a potion of resistance {unknown}
 v - a potion of degeneration {unknown}
 A - a potion of might
Books
 c - a book of Battle

   Spells                             Type                      Level
   a - Infusion                       Charms                       1
   b - Shroud of Golubria             Charms/Translocation         2
   c - Song of Slaying                Charms                       2
   d - Spectral Weapon                Hexes/Charms                 3
   e - Regeneration                   Charms/Necromancy            3
 f - a book of Enchantments

   Spells                             Type                      Level
   a - Cause Fear                     Hexes                        4
   b - Yara's Violent Unravelling     Hexes/Transmutation          5
   c - Silence                        Hexes/Air                    5
   d - Deflect Missiles               Charms/Air                   6
   e - Haste                          Charms                       6
   f - Discord                        Hexes                        8
Comestibles
 d - 5 bread rations
 p - a meat ration
 s - a royal jelly


   Skills:
 * Level 9.7(8.8) Fighting
 * Level 11.0(10.1) Maces & Flails
 - Level 1.3(0.6) Dodging
 - Level 2.4(1.7) Spellcasting
 - Level 3.4(2.7) Charms


You had 3 spell levels left.
You knew the following spells:

 Your Spells              Type           Power        Failure   Level  Hunger
a - Infusion              Chrm           #.....       10%         1    ##.....
b - Shroud of Golubria    Chrm/Tloc      #.........   24%         2    ###....
c - Spectral Weapon       Hex/Chrm       #.......     47%         3    ####...
d - Regeneration          Chrm/Necr      #.........   47%         3    ####...


Dungeon Overview and Level Annotations

Branches:
Dungeon (7/15)
 Temple: D:4-7

Altars:
Cheibriados
Dithmenos
Elyvilon
Gozag
Okawaru
Trog
Yredelemnul
Zin

Annotations:
D:3 WhatIsLove's ghost, amateur HESk
D:4 1 runed door


Innate Abilities, Weirdness & Mutations

You are too large for most types of armour.
You have tough skin (AC +1).


Message History

You closely miss the orc warrior.
The orc warrior is heavily wounded.
The orc warrior hits you with a hand axe!
You sock the orc warrior!
The orc warrior is severely wounded.
The orc warrior hits you with a hand axe!!
* * * LOW HITPOINT WARNING * * *
You barely miss the orc warrior.
The orc warrior is heavily wounded.
The orc warrior hits you with a hand axe.
* * * LOW HITPOINT WARNING * * *
You hit the orc warrior.
The orc warrior is severely wounded.
You hit the orc warrior but do no damage.
The orc warrior is severely wounded.
The orc warrior completely misses you.
You barely miss the orc warrior.
The orc warrior is severely wounded.
The orc warrior hits you with a hand axe!
You die...

.........
.........
.......o#
........#
........+
#......#
######.#
###########S##.#
#.......@ooo...#
#.......###.#..#
#.......# #.#..#
#.....<.# #.# .#
#.......###.# .#
#...........# #
#############


You could see an orc warrior, an adder and 2 orcs.

Vanquished Creatures
  Duvessa (D:6)
  A sky beast (D:6)
  An ogre (D:5)
  An ice beast (D:5)
  2 centaurs (D:6)
  A giant frog (D:6)
  A gnoll sergeant (D:6)
  Dowan (D:6)
  A killer bee (D:6)
  8 wights (D:6)
  3 centaur zombies
  A crimson imp (D:5)
  3 orc priests (D:6)
  A giant frog zombie (D:6)
  2 hounds (D:5)
  An iguana (D:5)
  3 orc wizards
  2 worker ants (D:4)
  10 adders
  6 gnolls (D:6)
  A shadow imp (D:5)
  2 oozes
  An adder zombie (D:5)
  An adder skeleton (D:4)
  9 giant geckos
  22 orcs
  6 giant cockroaches
  4 hobgoblins
  14 jackals
  6 kobolds
  2 quokkas
  7 bats
  4 giant newts
  7 goblins
  5 rats
141 creatures vanquished.

Vanquished Creatures (others)
  3 plants (D:2)
3 creatures vanquished.

Grand Total: 144 creatures vanquished

Notes
Turn   | Place    | Note
--------------------------------------------------------------
     0 | D:1      | MrRokkomies the Ogre Skald began the quest for the Orb.
     0 | D:1      | Reached XP level 1. HP: 22/22 MP: 3/3
    63 | D:1      | Reached skill level 3 in Maces & Flails
    80 | D:1      | Reached XP level 2. HP: 23/29 MP: 5/5
    86 | D:1      | Learned a level 2 spell: Shroud of Golubria
   927 | D:2      | Reached XP level 3. HP: 21/36 MP: 6/6
  1274 | D:2      | Reached skill level 4 in Maces & Flails
  1752 | D:2      | Reached XP level 4. HP: 37/44 MP: 7/7
  1786 | D:2      | Learned a level 3 spell: Spectral Weapon
  1848 | D:2      | Found an opulent altar of Gozag.
  2364 | D:3      | Noticed WhatIsLove's ghost (amateur HESk)
  2498 | D:3      | Found an iron altar of Okawaru.
  2504 | D:3      | Reached skill level 5 in Maces & Flails
  2802 | D:3      | Found a snail-covered altar of Cheibriados.
  2949 | D:3      | Reached XP level 5. HP: 50/50 MP: 8/8
  2992 | D:3      | Found a glowing silver altar of Zin.
  2993 | D:3      | Noticed an angel
  3055 | D:3      | Found a shadowy altar of Dithmenos.
  3060 | D:3      | Found a bloodstained altar of Trog.
  3063 | D:3      | Became a worshipper of Dithmenos the Shadowed
  3934 | D:4      | Reached XP level 6. HP: 20/62 MP: 1/9
  4023 | D:4      | Reached skill level 6 in Maces & Flails
  4380 | D:4      | Found a runed door.
  4380 | D:4      | Found a white marble altar of Elyvilon.
  4380 | D:4      | Noticed an angel
  4726 | D:5      | Entered Level 5 of the Dungeon
  5160 | D:5      | Reached skill level 5 in Fighting
  5160 | D:5      | Reached skill level 7 in Maces & Flails
  5244 | D:5      | Reached XP level 7. HP: 65/72 MP: 10/10
  5491 | D:5      | Reached * piety under Dithmenos
  5880 | D:5      | Reached skill level 8 in Maces & Flails
  6239 | D:6      | Reached XP level 8. HP: 70/87 MP: 11/11
  6284 | D:6      | Reached skill level 9 in Maces & Flails
  6713 | D:6      | Noticed Dowan
  6739 | D:6      | Killed Dowan
  6781 | D:6      | Reached skill level 10 in Maces & Flails
  7001 | D:6      | Noticed Duvessa
  7014 | D:6      | Killed Duvessa
  7089 | D:6      | Reached ** piety under Dithmenos
  7089 | D:6      | Reached XP level 9. HP: 41/98 MP: 12/12
  7595 | D:6      | Found a basalt altar of Yredelemnul.
  7720 | D:6      | Learned a level 3 spell: Regeneration
  7783 | D:6      | Reached skill level 11 in Maces & Flails
  7871 | D:7      | Slain by an orc warrior

Vault maps used:
D:1:      dpeg_arrival_fog
D:2:      nicolae_overflow_hidden_temple, first_bread, serial_bayou_lagoon_a
D:3:      lemuel_crystal_altar, minitemple, okawaru_ov_weapons_minmay, zin_angel
D:4:      hangedman_feature_mirror, lemuel_angel_altar
D:5:      minmay_misc_feat_tower
D:6:      kennysheep_mini, uniq_duvessa
D:7:      minmay_temple_entry_statues_fountains

Action                   |  1- 3 |  4- 6 |  7- 9 || total
-------------------------+-------+-------+-------++-------
Melee: Mace              |   129 |    92 |   306 ||   527
       Flail             |       |    62 |       ||    62
       Giant club        |       |    22 |       ||    22
Throw: Stone             |     2 |     6 |       ||     8
       Tomahawk          |       |     5 |     3 ||     8
 Cast: Infusion          |     3 |    14 |    11 ||    28
       Shroud of Golubri |     3 |    14 |    11 ||    28
Evoke: Wand              |       |     2 |       ||     2
  Use: Scroll            |       |    12 |     6 ||    18
       Potion            |       |     5 |     3 ||     8
 Stab: Sleeping          |       |     4 |       ||     4
  Eat: Chunk             |     3 |    11 |    11 ||    25
       Pizza             |       |     1 |       ||     1
